 Dungeon Crawl Stone Soup version 0.27.1-33-g824d729ab1 (webtiles) character file.

Game seed: 15511042924297480599

149 hamarrboo the Conjurer (level 5, 0/35 HPs)
             Began as a Human Conjurer on Dec 5, 2021.
             Killed by divine providence
             ... invoked by an orc priest
              (12 damage)
             ... on level 3 of the Dungeon.
             The game lasted 00:15:34 (3663 turns).

hamarrboo the Conjurer (Human Conjurer)             Turns: 3663, Time: 00:15:35

Health: 0/35       AC:  2    Str:  7    XL:     5   Next: 56%
Magic:  9/9        EV: 12    Int: 19    God:
Gold:   116        SH:  0    Dex: 12    Spells: 3/10 levels left

rFire    . . .     SeeInvis .   d - +0 club
rCold    . . .     Faith    .   (no shield)
rNeg     . . .     Spirit   .   a - +0 robe
rPois    .         Reflect  .   (no helmet)
rElec    .         Harm     .   (no cloak)
rCorr    .         Rampage  .   (no gloves)
Will     .....                  (no boots)
Stlth    ++........             (no amulet)
HPRegen  0.11/turn              i - ring of flight
MPRegen  0.11/turn              (no ring)

@: flying
A: no striking features
a: no special abilities


You were on level 3 of the Dungeon.
You visited 1 branch of the dungeon, and saw 4 of its levels.

You collected 116 gold pieces.

Inventory:

Hand Weapons
 d - a +0 club (weapon)
Missiles
 c - 83 stones
 m - 7 curare-tipped darts
Armour
 a - a +0 robe (worn)
Jewellery
 i - a ring of flight (left hand)
Scrolls
 b - a scroll of vulnerability {unknown}
 g - a scroll of brand weapon {unknown}
 h - 2 scrolls of magic mapping {unknown}
 j - a scroll of teleportation {unknown}
 l - a scroll of immolation {unknown}
 o - a scroll of identify {unknown}
 q - a scroll of fear {unknown}
Potions
 e - 4 potions of curing {unknown}
 f - a potion of attraction {unknown}
 k - 3 potions of haste {unknown}
 n - a potion of flight {unknown}
 p - a potion of might {unknown}
 r - a potion of heal wounds {unknown}


   Skills:
 + Level 2.1 Dodging
 + Level 2.8 Stealth
 + Level 3.1 Spellcasting
 + Level 5.3 Conjurations


You had 3 spell levels left.
You knew the following spells:

 Your Spells              Type           Power      Damage    Failure   Level
a - Magic Dart            Conj           92%        1d7       1%          1
b - Searing Ray           Conj           46%        3d4       2%          2
c - Iskenderun's Mystic   Conj/Tloc      13%        2d5       45%         4

Your spell library contained the following spells:

 Spells                   Type           Power      Damage    Failure   Level
 Dazzling Flash           Conj/Hex       26%        N/A       16%         3
 Fulminant Prism          Conj/Hex       6%         3d7       45%         4


Dungeon Overview and Level Annotations

Branches:
Dungeon (4/15)
 Temple: D:4-7

Altars:

Annotations:
D:3 exclusion: ogre, Sigmund


Message History

The orc is heavily wounded.
The orc hits you but does no damage.
You closely miss the orc.
The orc is heavily wounded.
The orc closely misses you.
You hit the orc but do no damage.
The orc is heavily wounded.
The orc hits you with a +0 whip.
* * * LOW HITPOINT WARNING * * *
The orc hits you with a +0 whip.
* * * LOW HITPOINT WARNING * * *
Sorry, you're not good enough to have a special ability.
You barely miss the orc.
The orc is heavily wounded.
The orc closely misses you.
You barely miss the orc.
The orc is heavily wounded.
The orc barely misses you.
You hit the orc but do no damage.
The orc is heavily wounded.
The orc hits you with a +0 whip.
* * * LOW HITPOINT WARNING * * *
Casting: Magic Dart (safe; 1% risk of failure)
Confirm with . or Enter, or press ? or * to list all spells.
Aiming: Magic Dart (safe; 1% risk of failure)
Press: ? - help, Shift-Dir - straight line, f/p - orc
Aim: an orc, wielding a +0 whip and wearing a +0 scale mail (heavily wounded, 100% to hit)
The magic dart hits the orc!
You kill the orc!
You start resting.
An orc warrior comes into view. It is wielding a +0 glaive.
Casting: Magic Dart (safe; 1% risk of failure)
Confirm with . or Enter, or press ? or * to list all spells.
Okay, then.
The orc warrior shouts!
You hear a shout!
An orc priest comes into view. It is wielding a +1 whip of distortion.
There is a stone staircase leading up here.
The orc priest mumbles some strange prayers to Beogh against you.
Beogh smites you!
You die...

### #.# ##############.###
.................#
########.......#.# ##
########.#####.#.# .. .........#
#.#.###########.#
####.##..#####.#..........##.####
.............#.#@########.#....O.
##.#.##..###.#.#.# #.#..##..
##.#.#.........#o########.#......
...#.#)..####.##.#<...##..)......
o....#........##.####.##..#..#...
##.###..####..##.####.#..........
..........o....o............>#..#
#....#####.##..####..<#...#.##..#
.................................


You could see an orc warrior and an orc priest.

Vanquished Creatures
  A hound (D:2)
  An orc wizard (D:3)
  A gnoll (D:1)
  2 adders (D:2)
  A worm (D:2)
  3 dart slugs
  An orc (D:3)
  2 ball pythons (D:2)
  3 endoplasms
  A giant cockroach (D:2)
  5 goblins
  2 hobgoblins
  9 jackals
  4 kobolds
  2 quokkas
  3 bats (D:1)
  4 frilled lizards
  7 rats
52 creatures vanquished.

Vanquished Creatures (others)
  18 plants (D:1)
18 creatures vanquished.

Grand Total: 70 creatures vanquished

Notes
Turn   | Place    | Note
-------+----------+-------------------------------------------
     0 | D:1      | hamarrboo the Human Conjurer began the quest for the Orb.
     0 | D:1      | Reached XP level 1. HP: 13/13 MP: 3/3
   273 | D:1      | Reached XP level 2. HP: 16/19 MP: 0/5
   334 | D:1      | Learned a level 2 spell: Searing Ray
   568 | D:1      | Found a faded altar of an unknown god.
   650 | D:1      | Reached XP level 3. HP: 18/24 MP: 0/6
  2030 | D:2      | Reached XP level 4. HP: 30/30 MP: 2/7
  2058 | D:2      | Reached skill level 5 in Conjurations
  2357 | D:2      | Reached XP level 5. HP: 35/35 MP: 2/9
  2760 | D:2      | Learned a level 4 spell: Iskenderun's Mystic Blast
  3263 | D:3      | Noticed an ogre
  3282 | D:3      | Noticed Sigmund
  3631 | D:3      | Noticed an orc warrior
  3663 | D:3      | Killed from afar by an orc priest

Illustrated notes

Levels and vault maps discovered:
D:1:      psy_arrival_wood_between_worlds, layout_loops_corners,
          ebering_ecumenical_altar_abandoned, minmay_misc_feat_rugged
D:2:      layout_basic, chequers_arboretum, lemuel_another_geyser
D:3:      layout_basic, minmay_splitting_lines, uniq_sigmund
D:4:      layout_loops_ring, nicolae_ru_the_path_less_chosen,
          nicolae_overflow_hidden_temple, hex_large

Skill      XL: |  1  2  3  4  5 |
---------------+----------------+-----
Conjurations   | 5 |  5.3
Spellcasting   | 3 |  3.1
Dodging        | |  2.1
Stealth        | |  2.8

Action                   |  1- 3 |  4- 6 || total
-------------------------+-------+-------++-------
Melee: Club              |     8 |    24 ||    32
 Cast: Magic Dart        |    53 |    36 ||    89
       Searing Ray       |     9 |     4 ||    13
Armor: Robe              |     5 |     3 ||     8
Dodge: Dodged            |    11 |    24 ||    35
